 Dungeon Crawl Stone Soup version 0.27-a0-797-g27d10ad80f (webtiles) character file.

Game seed: 1861895381164689754

1913 spiderkeys the Reanimator (level 8, -2/48 HPs)
             Began as a Vampire Necromancer on Mar 28, 2021.
             Slain by a wyvern zombie (13 damage)
             ... on level 7 of the Dungeon.
             The game lasted 00:22:27 (10390 turns).

spiderkeys the Reanimator (Vampire Necromancer)    Turns: 10390, Time: 00:22:28

Health: -2/48      AC:  6    Str:  6 (7)  XL:     8   Next: 95%
Magic:  15/15      EV: 14    Int: 17 (19) God:
Gold:   249        SH:  0    Dex: 14 (15) Spells: 8/16 levels left

rFire    + . .     SeeInvis +   f - +3 dagger (venom)
rCold    + + .     Faith    .   (no shield)
rNeg     + + +     Spirit   .   a - +1 robe
rPois    ∞         Reflect  .   s - +1 helmet
rElec    .         Harm     .   (no cloak)
rCorr    .         Rampage  .   q - +0 pair of gloves
Will     .....                  (no boots)
Stlth    ++++++....             (no amulet)
HPRegen  0.00/turn              h - ring of protection from fire
MPRegen  0.14/turn              (no ring)

@: bloodless
A: bloodless, fangs 3, see invisible, unbreathing 1, vampiric 2
a: Bat Form, Revivify


You were on level 7 of the Dungeon.
You visited 1 branch of the dungeon, and saw 7 of its levels.
You also visited: Sewer.

You collected 249 gold pieces.

Inventory:

Hand Weapons
 f - a +3 dagger of venom (weapon)
Armour
 a - a +1 robe (worn)
 q - a +0 pair of gloves (worn)
 s - a +1 helmet (worn)
Jewellery
 h - a ring of protection from fire (left hand)
 r - a ring of protection from fire
 w - a ring of resist corrosion
Wands
 x - a wand of mindburst (16)
Scrolls
 b - 3 scrolls of teleportation
 m - 2 scrolls of enchant weapon
 t - a scroll of fog
 u - a scroll of magic mapping
Potions
 c - 2 potions of degeneration
 d - 2 potions of brilliance
 e - a potion of cancellation {unknown}
 g - 2 potions of resistance
 i - a potion of lignification {unknown}
 j - 3 potions of curing {unknown}
 k - 4 potions of might
 l - a potion of heal wounds
 n - 3 potions of magic
 o - 2 potions of flight {unknown}
 p - a potion of haste {unknown}
 v - 2 potions of invisibility {unknown}


   Skills:
 + Level 3.9 Fighting
 + Level 5.6 Dodging
 + Level 7.7 Stealth
 + Level 4.7 Spellcasting
 * Level 8.7 Necromancy


You had 8 spell levels left.
You knew the following spells:

 Your Spells              Type           Power      Damage    Failure   Level
a - Pain                  Necr           100%       1d9       1%          1
b - Vampiric Draining     Necr           16%        2d8       1%          3
c - Animate Dead          Necr           16%        N/A       4%          4

Your spell library contained the following spells:

 Spells                   Type           Power      Damage    Failure   Level
 Animate Skeleton         Necr           66%        N/A       1%          1
 Agony                    Necr           33%        N/A       11%         5
 Foxfire                  Conj/Fire      16%        2x1d4     14%         1
 Magic Dart               Conj           16%        1d3       14%         1
 Blink                    Tloc           N/A        N/A       22%         2
 Call Imp                 Summ           4%         N/A       22%         2
 Slow                     Hex            4%         N/A       22%         2
 Confusing Touch          Hex            4%         N/A       41%         3
 Conjure Flame            Conj/Fire      4%         6-21      41%         3
 Gell's Gravitas          Tloc           2%         N/A       41%         3
 Mephitic Cloud           Conj/Pois/Air  4%         N/A       41%         3
 Petrify                  Tmut/Erth      4%         N/A       82%         4
 Metabolic Englaciation   Hex/Ice        2%         N/A       99%         5
 Yara's Violent Unravell  Hex/Tmut       2%         3d3       99%         5
 Freezing Cloud           Conj/Ice/Air   2%         6-21      100%        6


Dungeon Overview and Level Annotations

Branches:
Dungeon (7/15)              Sewer (visited)
 Temple: D:4-7

Altars:
Cheibriados
Fedhas
Hepliaklqana
Makhleb
Okawaru

Shops:
D:1 [   D:6 *

Annotations:
D:4 2 transporters


Innate Abilities, Weirdness & Mutations

You do not regenerate when monsters are visible.
You are frail without blood (-20% HP).
You can heal yourself when you bite living creatures.
You are immune to poison.
You have razor-sharp teeth.
You have supernaturally acute eyesight. (SInv)
You can survive without breathing.
You are afflicted with vampirism and can become a bat while bloodless.


Message History

a +0 short sword; a +0 leather armour
Things that are here:
a +0 hand axe of venom; an orc corpse
b - 3 scrolls of teleportation (gained 1)
A wyvern zombie comes into view.
A wyvern zombie is nearby!
The wyvern zombie misses you.
You hit the wyvern zombie but do no damage.
Your bite misses the wyvern zombie. The wyvern zombie barely misses you.
You hit the wyvern zombie.
You bite the wyvern zombie, but do no damage.
The wyvern zombie is lightly damaged.
The wyvern zombie barely misses you.
You hit the wyvern zombie.
The wyvern zombie is lightly damaged.
The wyvern zombie bites you. x2
You hit the wyvern zombie.
You bite the wyvern zombie, but do no damage.
The wyvern zombie is lightly damaged.
The wyvern zombie bites you!
You hit the wyvern zombie.
The wyvern zombie is moderately damaged.
The wyvern zombie bites you but does no damage.
You hit the wyvern zombie but do no damage.
You bite the wyvern zombie.
The wyvern zombie is moderately damaged.
The wyvern zombie closely misses you.
The wyvern zombie completely misses you.
You barely miss the wyvern zombie.
The wyvern zombie is moderately damaged.
The wyvern zombie bites you. The wyvern zombie misses you.
You barely miss the wyvern zombie.
The wyvern zombie is moderately damaged.
The wyvern zombie bites you!
* * * LOW HITPOINT WARNING * * *
The wyvern zombie closely misses you. The wyvern zombie closely misses you.
The wyvern zombie bites you!
You die...

#...# #...# .
#####...## ..##
##........##
...##..........#
#.............#
..
#...........####
##.
#.............#
....
#......Z@....##
#..
##..#######....#
.#... ##..##
##...##
.....##..##
##...# #....#.##
##.## #......#
#.## #####
........#
#..###...##
........#
#..##.....##
........#
#..........##


You could see a wyvern zombie.

Vanquished Creatures
  Prince Ribbit (D:5)
  Menkaure (D:4)
  3 water moccasins (D:6)
  An orc warrior (D:7)
  A black bear (D:4)
  2 necrophages
  A centaur (D:5)
  A kobold brigand (Sewer)
  A gnoll sergeant (D:4)
  A scorpion (D:4)
  2 water moccasin skeletons (D:5)
  3 centaur zombies
  A hound (D:5)
  A bullfrog skeleton (D:6)
  An iguana (D:6)
  An orc wizard (D:5)
  A hound skeleton (D:4)
  Robin (D:4)
  4 gnolls (D:4)
  11 adders
  A river rat (Sewer)
  2 white imps (D:6)
  5 worms
  4 dart slugs
  18 orcs
  5 bats
  7 endoplasms
  2 giant cockroaches
  9 goblins
  11 hobgoblins
  10 jackals
  7 quokkas
  10 ball pythons
  4 frilled lizards
  14 kobolds
  12 rats
160 creatures vanquished.

Notes
Turn   | Place    | Note
-------+----------+-------------------------------------------
     0 | D:1      | spiderkeys the Vampire Necromancer began the quest for the
                  | Orb.
     0 | D:1      | Reached XP level 1. HP: 13/13 MP: 3/3
   206 | D:1      | Reached XP level 2. HP: 9/19 MP: 0/5
   548 | D:1      | Found Deobiudi's Antique Armour Boutique.
   762 | D:1      | Gained mutation: You are afflicted with vampirism and can
                  | become a bat while bloodless. [Vampire growth]
   762 | D:1      | Reached XP level 3. HP: 22/24 MP: 3/6
   892 | D:1      | Learned a level 3 spell: Vampiric Draining
  1610 | D:2      | Reached skill level 5 in Necromancy
  1651 | D:2      | Found a blossoming altar of Fedhas.
  2021 | D:2      | Reached XP level 4. HP: 24/24 MP: 3/7
  2888 | D:3      | Reached skill level 1 in Fighting
  3206 | D:3      | Found a hazy altar of Hepliaklqana.
  3475 | D:4      | Noticed Robin
  3484 | D:4      | Noticed a black bear
  3749 | D:4      | Killed a black bear
  3750 | D:4      | Reached XP level 5. HP: 18/29 MP: 0/9
  3975 | D:4      | Killed Robin
  3991 | D:4      | Found a glowing drain.
  4000 | Sewer    | Entered a sewer
  4434 | Sewer    | Reached XP level 6. HP: 30/35 MP: 6/10
  4681 | Sewer    | Reached skill level 6 in Necromancy
  4861 | Sewer    | HP: 1/35 [kobold brigand/+0 short sword (10)]
  4864 | Sewer    | Reached skill level 5 in Stealth
  5585 | D:4      | Noticed Menkaure
  5599 | D:4      | Killed Menkaure
  5600 | D:4      | Reached XP level 7. HP: 22/40 MP: 10/12
  5741 | D:4      | Found an iron altar of Okawaru.
  5745 | D:4      | Found a transporter.
  5788 | D:4      | Found a burning altar of Makhleb.
  6763 | D:4      | Found a transporter.
  6824 | D:5      | Entered Level 5 of the Dungeon
  7080 | D:5      | Identified the Tome of Burning Cold
  7101 | D:5      | Reached skill level 7 in Necromancy
  7779 | D:5      | Noticed Prince Ribbit
  8023 | D:5      | Killed Prince Ribbit
  8024 | D:5      | Reached XP level 8. HP: 46/46 MP: 1/14
  8164 | D:5      | Learned a level 4 spell: Animate Dead
  8705 | D:5      | Found a snail-covered altar of Cheibriados.
  8985 | D:6      | Reached skill level 5 in Dodging
  8985 | D:6      | Reached skill level 8 in Necromancy
  9981 | D:6      | Found Gink's Serpentskin Sales.
 10390 | D:7      | Slain by a wyvern zombie

Illustrated notes

Levels and vault maps discovered:
D:1:      dpeg_arrival_concentric_ovals, layout_loops_ring, serial_shops, shop
D:2:      layout_loops_ring, fedhas_altar_1, kennysheep_generic_room_12
D:3:      layout_loops_cross, lemuel_coloured_pillars_altar,
          wander_ebering_terrifying_dragon_lair
D:4:      gammafunk_cloud_chamber, layout_loops_ring, okawaru_trees_1,
          general_overflow_altar, cheibrodos_sewer_entry_drain, uniq_robin,
          uniq_menkaure
D:5:      layout_gridville, cheibriados_altar_1, uniq_prince_ribbit1
D:6:      layout_loops_ring, guppyfry_shop_venom
D:7:      minmay_the_grid_octo_triangle [minmay_the_grid_octo_toaster,
          minmay_the_grid_octo_prize_single_spiral, minmay_the_grid_octo_77],
          layout_cave_pods, minmay_temple_entry_ruins, gammafunk_ghost_smash,
          nicolae_lava_and_water, uniq_duvessa

Skill      XL: |  1  2  3  4  5  6  7  8 |
---------------+-------------------------+-----
Necromancy     | 5 6 7 8 |  8.7
Fighting       | 1 2 3 |  3.9
Dodging        | 3 4 5 |  5.6
Stealth        | 4 5 6 7 |  7.7
Spellcasting   | 3 4 |  4.7

Action                   |  1- 3 |  4- 6 |  7- 9 || total
-------------------------+-------+-------+-------++-------
Melee: Unarmed           |     3 |       |       ||     3
       Dagger            |    26 |    38 |   173 ||   237
       Bite              |     1 |     7 |    21 ||    29
 Cast: Pain              |    70 |   116 |    69 ||   255
       Vampiric Draining |     1 |     3 |    24 ||    28
 Abil: Exsanguinate      |     1 |       |       ||     1
       End Transformatio |       |     1 |     1 ||     2
       Bat Form          |       |     1 |     1 ||     2
       Stop Flying       |       |       |     1 ||     1
  Use: Scroll            |       |     7 |     5 ||    12
       Potion            |       |       |     1 ||     1
 Stab: Sleeping          |     6 |     4 |     5 ||    15
       Distracted        |       |       |     1 ||     1
Armor: Robe              |     6 |    11 |    61 ||    78
Dodge: Dodged            |    18 |    53 |   158 ||   229

Table legend: (Time is in decaauts)
 A = Elapsed time spent in this place.
 B = Non-inter-level travel time spent in this place.
 C = Inter-level travel time spent in this place.
 D = Time resting spent in this place.
 E = Time spent auto-exploring this place.
 F = Levels seen in this place.
 G = Mean time per level.
                   A        B        C        D        E       F      G
               +--------+--------+--------+--------+--------+-----+--------+
         Total |  10447 |  10224 |    223 |   2350 |   6452 |   8 | 1305.9 |
       Dungeon |   9196 |   8973 |    223 |   1759 |   5937 |   7 | 1313.7 |
         Sewer |   1251 |   1251 |      0 |    591 |    514 |   1 | 1251.0 |
               +--------+--------+--------+--------+--------+-----+--------+

Top non-repeatable levels by time:
     D:5: 2121 daAuts
     D:3: 1836 daAuts
     D:4: 1587 daAuts
   Sewer: 1251 daAuts
     D:1: 1184 daAuts
     D:6: 1117 daAuts
     D:2: 1107 daAuts
     D:7: 241 daAuts
